Cogmind - Beta 16.1 @@@ ROGUE MODE // 2026.02.14 @ 20:12:37 Player: Skergy Result: Destroyed by U5-LYY(R) with Subdweller Laser Performance ------------- Evolutions (0) 0 Regions Visited (2) 400 Robots Destroyed (24) 120 Value Destroyed (492) 492 Prototype IDs (0) 0 Alien Tech Used (0) 0 Bonus (0) 0 TOTAL SCORE: 1012 Bonus ------- None Cogmind --------- Core Integrity 0/250 Matter 285/300 Energy 90/100 System Corruption 0% Temperature Cool (6) Movement Treading (160) Location -10/Subcaves Parts ------- > --- POWER (1) -------- (None) > --- PROPULSION (2) --- Light Treads Spiked Treads > --- UTILITY (2) ------ Large Storage Unit Seismic Detector > --- WEAPON (2) ------- Hammer > --- INVENTORY (15) --- Light Nuclear Core Spiked Treads Compact Wheel Compact Wheel Compact Wheel Medium Matter Pod (100) Large Matter Pod (150) Tractor Beam Riot Gun Riot Gun Light Assault Rifle Subdweller Machine Gun Grenade Launcher Peak State ------------ > --- POWER ------------ Ion Engine > --- PROPULSION ------- Light Treads Light Treads > --- UTILITY ---------- Large Storage Unit Seismic Detector > --- WEAPON ----------- Assault Rifle Subdweller Machine Gun > --- INVENTORY -------- Light Nuclear Core Light Treads Compact Wheel Compact Wheel Compact Wheel Medium Matter Pod Large Matter Pod Tractor Beam Riot Gun Small Laser Light Assault Rifle Grenade Launcher Hammer [Rating: 9] Favorites ----------- Power Ion Engine Engine Ion Engine Propulsion Light Treads Treads Light Treads Wheel Compact Wheel Utility Seismic Detector Device Seismic Detector Storage Large Storage Unit Weapon Assault Rifle Energy Gun EM Pulse Gun Ballistic Gun Assault Rifle Launcher Grenade Launcher Impact Weapon Hammer Build | -11 -10 -10 ------- Run | Yrd Mat Sub Slots Evolved . | . . . Power . | . . . Propulsion . | . . . Utility . | . . . Weapon . | . . . Parts Attached 15 | 7 5 3 Power 1 | 1 . . Engine 1 | 1 . . Core . | . . . Reactor . | . . . Propulsion 5 | 3 . 2 Treads 4 | 2 . 2 Leg . | . . . Wheel 1 | 1 . . Hover . | . . . Flight . | . . . Utility 4 | 1 3 . Device 1 | . 1 . Storage 3 | 1 2 . Processor . | . . . Hackware . | . . . Protection . | . . . Artifact . | . . . Weapon 5 | 2 2 1 Energy Gun 1 | 1 . . Energy Cannon . | . . . Ballistic Gun 2 | 1 . 1 Ballistic Cannon . | . . . Launcher 1 | . 1 . Special Weapon . | . . . Impact Weapon 1 | . 1 . Slashing Weapon . | . . . Piercing Weapon . | . . . Special Melee Weapon . | . . . Unidentified Prototypes . | . . . Parts Lost 4 | . 1 3 Power 1 | . . 1 Propulsion 2 | . . 2 Utility . | . . . Weapon 1 | . 1 . Highest Loss Streak 3 | . 1 3 To Critical Strikes 1 | . . 1 Average Backups 9 | 4 8 13 Power . | . 1 1 Propulsion 3 | 1 2 4 Utility 2 | 1 2 3 Weapon 3 | 1 2 4 Tool/Special . | . . . Unused Backups 12 | . 4 8 Power 2 | . 1 1 Propulsion 2 | . . 2 Utility 5 | . 2 3 Weapon 3 | . 1 2 Tool/Special . | . . . Average Slot Usage (%) 99 | . 99 98 Engine 13 | . 14 13 Treads 27 | . 28 27 Device 14 | . 14 14 Storage 14 | . 14 14 Energy Gun 7 | . 12 . Ballistic Gun 14 | . 14 15 Impact Weapon 4 | . 1 11 Peak Build Rating 9 | 7 8 9 Average Rating 7 | 5 7 8 On Entrance 4 | . 7 7 Avg Prop Armor Cover (%) . | . . . Naked Turns . | . . . Heaviest Build 32 | 14 30 32 Greatest Support 40 | 40 40 40 Greatest Overweight (x) . | . . . Average Overweight (x) . | . . . Largest Inventory Capacity 15 | 8 15 15 Average Capacity 11 | 7 10 15 Most Carried 15 | 8 12 15 Average Carried 9 | 4 8 13 Final Capacity 15 | 8 15 15 Final Carried 13 | 8 12 13 Class Distribution -------------------- 100% | Mutant Dominant Class ---------------- Mutant | -10/Materials Mutant | -10/Subcaves Resources | -11 -10 -10 ----------- Run | Yrd Mat Sub Matter Collected 826 | 291 418 117 Remotely . | . . . Salvage Created 779 | 138 550 91 Parts 51 | 14 37 . Haulers Intercepted . | . . . Recyclers Shooed . | . . . Parts Field Recycled . | . . . Retrieved Matter . | . . . Parts Self-Destructed 4 | . . 4 Prevented . | . . . Parts Restored . | . . . Kills | -11 -10 -10 ------- Run | Yrd Mat Sub Combat Hostiles Destroyed 15 | . 12 3 Guns 13 | . 12 1 AOE 1 | . . 1 Classes Destroyed 6 | 2 3 1 Tunneler 4 | 3 1 . Recycler 2 | 1 1 . Watcher 3 | . 3 . Swarmer 6 | . 6 . Grunt 7 | . 6 1 Subdweller 2 | . . 2 Best Kill Streak 4 | 3 4 2 Combat Bots Only 3 | . 3 2 Max Kills in Single Turn 2 | 1 2 2 Gunslinging 1 | . 1 . Exploded 1 | . . 1 Melee . | . . . Uniques/NPCs Destroyed . | . . . Combat | -11 -10 -10 -------- Run | Yrd Mat Sub Hostile Shots Fired 79 | . 36 43 Missed 25 | . 15 10 Hits 54 | . 21 33 Projectile 54 | . 21 33 Critical Strikes 2 | . . 2 Damage Taken 795 | 40 204 551 Core 251 | . 48 203 Absorbed by Shields . | . . . Core Remaining (%) 100 | 100 . . Volleys Fired 52 | 7 36 9 Largest 2 | 2 2 2 Hottest 60 | 60 60 50 Shots Fired 96 | 14 65 17 Gun 93 | 14 65 14 Cannon . | . . . Launcher 3 | . . 3 Special . | . . . Kinetic 52 | 7 31 14 Thermal . | . . . Explosive 3 | . . 3 Electromagnetic 41 | 7 34 . Robot Hit Streak 14 | 12 14 7 Robot Miss Streak 3 | . 3 2 Penetration Max . | . . . Secondary Targets 2 | . 2 . Max Gunslinging Chain 1 | . 1 . Shots Hit Robots 69 | 12 37 20 Core Hits 33 | 5 22 6 Critical Kills . | . . . Critical Parts Destroyed 1 | . . 1 Critical Strikes 4 | . 3 1 Corrupt 3 | . 3 . Smash 1 | . . 1 Melee Attacks 18 | . 2 16 Impact 18 | . 2 16 Slashing . | . . . Piercing . | . . . Sneak Attacks . | . . . Combat Hostiles . | . . . Follow-up Attacks . | . . . Damage Inflicted 1418 | 189 613 616 Guns 882 | 154 576 152 Cannons . | . . . Explosions 291 | 35 37 219 Melee 245 | . . 245 Ramming . | . . . Kinetic 453 | 55 246 152 Thermal 72 | 35 37 . Explosive 219 | . . 219 Electromagnetic 429 | 99 330 . Impact 245 | . . 245 Slashing . | . . . Piercing . | . . . Highest Corruption . | . . . Average Corruption . | . . . Corruption Purged . | . . . Corruption Blocked . | . . . Overload Shots . | . . . Overflow Damage 32 | . . 32 Projectiles . | . . . Explosions . | . . . Melee 32 | . . 32 Knockbacks . | . . . Impact . | . . . Kinetic . | . . . Secondary . | . . . Self-Inflicted Damage 40 | 40 . . Shots 1 | 1 . . Rammed . | . . . Targets Rammed . | . . . Kicked . | . . . Crushed . | . . . Highest Temperature 24 | 12 24 . Average Temperature 14 | 12 14 . Received Heat Transfer 324 | . 72 252 Siege Activations . | . . . Martial Activations . | . . . Shielding Activations . | . . . Robots Disrupted . | . . . Combat Hostiles . | . . . Robots Corrupted 1 | . . 1 Combat Hostiles 1 | . . 1 Parts Fried 2 | . 1 1 Impact Corruptions 1 | . . 1 Robots Melted . | . . . Combat Hostiles . | . . . Parts Melted . | . . . Heat Transferred 100 | 50 50 . Parts Sabotaged . | . . . Parts Stolen . | . . . Parts Stripped . | . . . Power Chain Reactions 2 | 1 1 . Alert | -11 -10 -10 ------- Run | Yrd Mat Sub Maximum Alert Level . | . . . Low Security (%) 100 | 100 100 . Level 1 . | . . . Level 2 . | . . . Level 3 . | . . . Level 4 . | . . . Level 5 . | . . . High Security . | . . . Max Security . | . . . Peak Influence 83 | 10 83 . Initial . | . . . Average 31 | 1 35 . Influence Increases 436 | 20 386 30 Destroy 0b10 Robot/C 260 | . 240 20 Destroy 0b10 Robot/NC 45 | 20 25 . Destroy Leader 76 | . 66 10 Successful Hack 33 | . 33 . Destroy Structure 7 | . 7 . Lose Combat Pursuer 15 | . 15 . Influence Decreases 436 | 20 327 89 Entered New Map 29 | . . 29 Time Decay 407 | 20 327 60 Squads Dispatched 3 | . 3 . Investigation 2 | . 2 . Extermination . | . . . Reinforcement 1 | . 1 . Assault . | . . . Garrison . | . . . Intercept . | . . . Searches Triggered . | . . . Construction Impeded . | . . . Haulers Reinforced . | . . . Active Scanning Responses . | . . . Cargo Convoy Interrupts . | . . . Stealth | -11 -10 -10 --------- Run | Yrd Mat Sub Distress Signals . | . . . Communications Jammed . | . . . Distress Signals . | . . . Times Spotted 22 | . 17 5 Peak Tracking Total 3 | . 3 2 Tactical Retreats 1 | . 1 . Traps | -11 -10 -10 ------- Run | Yrd Mat Sub Traps Triggered 1 | . 1 . Indirectly . | . . . Trap Hack Attempts . | . . . Triggered . | . . . Disarmed . | . . . Reprogrammed . | . . . Reused . | . . . Traps Extracted . | . . . Installed . | . . . Triggered . | . . . Machines | -11 -10 -10 ---------- Run | Yrd Mat Sub Machines Disabled . | . . . Max in Single Turn . | . . . Machines Repaired . | . . . Machines Dismantled . | . . . Machines Sabotaged . | . . . Overloaded Fab Kills . | . . . Hacking | -11 -10 -10 --------- Run | Yrd Mat Sub Machines Accessed 5 | . 5 . Terminals 5 | . 5 . Fabricators . | . . . Repair Stations . | . . . Recycling Units . | . . . Scanalyzers . | . . . Garrison Access . | . . . Total Hacks 11 | . 11 . Successful 6 | . 6 . Failed 5 | . 5 . Catastrophic 2 | . 2 . Database Lockouts . | . . . Manual 7 | . 7 . Terminals 11 | . 11 . Fabricators . | . . . Repair Stations . | . . . Recycling Units . | . . . Scanalyzers . | . . . Garrison Access . | . . . Terminal Hacks 2 | . 2 . Terminal Index 1 | . 1 . Registered Components 1 | . 1 . Fabricator Hacks . | . . . Repair Station Hacks . | . . . Recycling Unit Hacks . | . . . Scanalyzer . | . . . Garrison Access Hacks . | . . . Unauthorized Hacks 4 | . 4 . Terminals 4 | . 4 . Botnet 3 | . 3 . Operators 1 | . 1 . Fabricators . | . . . Repair Stations . | . . . Recycling Units . | . . . Scanalyzers . | . . . Garrison Access . | . . . Data Cores Recovered . | . . . Used . | . . . Hacking Detections 5 | . 5 . Full Trace Events 1 | . 1 . Feedback Events . | . . . Feedback Blocked . | . . . Robot Schematics Acquired . | . . . Robots Built . | . . . Authchips . | . . . Time . | . . . Total Robot Build Rating . | . . . Part Schematics Acquired . | . . . Parts Built . | . . . Authchips . | . . . Time . | . . . Total Part Build Rating . | . . . Part Studies Acquired . | . . . Parts Repaired . | . . . Time . | . . . Parts Recycled . | . . . Recycled Matter . | . . . Retrieved Matter . | . . . Retrieved Components . | . . . Parts Scanalyzed . | . . . Part Schematics Acquired . | . . . Parts Damaged . | . . . Bothacking | -11 -10 -10 ------------ Run | Yrd Mat Sub Used RIF Installer . | . . . Robots Hacked . | . . . Non-combat . | . . . Combat . | . . . Robot Hacks Applied . | . . . Relay Couplers Released . | . . . Fabnet Peak Effective % . | . . . Robots Rewired . | . . . Allies Hacked . | . . . Hacks Repelled . | . . . Allies | -11 -10 -10 -------- Run | Yrd Mat Sub Total Allies . | . . . Largest Group . | . . . Highest-Rated Group . | . . . Highest-Rated Ally . | . . . Total Orders . | . . . Ally Attacks . | . . . Total Damage . | . . . Kills . | . . . Allies Corrupted . | . . . Allies Melted . | . . . Intel | -11 -10 -10 ------- Run | Yrd Mat Sub Active Infowar (turns) 1463 | . 935 528 Seismic 1463 | . 935 528 Robot Analysis Total . | . . . Derelict Logs Recovered 1 | . . 1 Drone Launches . | . . . Drone Recoveries . | . . . Exploration | -11 -10 -10 ------------- Run | Yrd Mat Sub Turns Passed 1591 | 128 935 528 Spaces Moved 820 | 58 489 273 Core 2 | 2 . . Treads 818 | 56 489 273 Legs . | . . . Wheels . | . . . Hover . | . . . Flight . | . . . Fastest Speed 50 | 50 160 160 Average Speed 159 | 156 160 160 Slowest Speed 160 | 160 160 160 Overloaded Moves . | . . . Propulsion Burnouts . | . . . Robots Hopped . | . . . Potential Cave-ins . | . . . Cave-ins Triggered . | . . . Exploration Rate (%) 34 | 4 83 16 Regions Visited 2 Branch Regions 1 Pre-discovered Areas . | . . . Known Exits Taken . | . . . Unknown Exits Taken 2 | 1 1 . Scrap Searched 2 | . . 2 Spaces Dug 2 | . 2 . Terrain Destroyed 24 | 6 6 12 Melee 2 | . 2 . Projectile . | . . . AOE 22 | 6 4 12 Terrain Rammed . | . . . Walls Destroyed . | . . . Machines Disabled . | . . . Actions | -11 -10 -10 --------- Run | Yrd Mat Sub Total 972 | 79 574 319 Wait 32 | . 25 7 Move 818 | 57 488 273 Hop . | . . . Pick Up 21 | 7 9 5 Fast Attach 7 | 7 . . Attach 4 | . 1 3 Detach 1 | 1 . . Swap 11 | . 7 4 Drop 8 | . 6 2 Fire 52 | 7 36 9 Melee 18 | . 2 16 Ram . | . . . Kick . | . . . Crush . | . . . Escape Stasis . | . . . Rewire . | . . . Trap . | . . . Miscellaneous . | . . . Route ------- -11/Scrapyard -10/Materials (discovered 5 exits: [*Mat x2] / [*Min x2] / [*Sub]) -10/Subcaves (discovered 1 exit: [*Mat]) History --------- Turn | Location | Event 16 | -11/Scrapyard | Discovered new exit (range 15) 129 | -11/Scrapyard | Entered Materials 186 | -10/Materials | Discovered new exit (range 8) 309 | -10/Materials | Build established: Mutant 495 | -10/Materials | Discovered new exit (range 16) 607 | -10/Materials | Discovered new exit (range 4) 916 | -10/Materials | Discovered new exit (range 12) 1056 | -10/Materials | Discovered new exit (range 7) 1064 | -10/Materials | Entered Subcaves 1065 | -10/Subcaves | Shifting Twisted Machinery released Sub. Machine Gun 1101 | -10/Subcaves | Shifting Twisted Machinery released Riot Gun 1468 | -10/Subcaves | Discovered new exit (range 15) 1497 | -10/Subcaves | Core integrity fell below 50% 1524 | -10/Subcaves | Learned Materials stockpile data 1575 | -10/Subcaves | Disturbed a concealed Subdweller 1581 | -10/Subcaves | Core integrity fell below 20% 1592 | -10/Subcaves | Destroyed by U5-LYY(R) with Subdweller Laser Last Messages --------------- 01551_ Searching scrap... 01551_ Found Sub. Laser. 01551_ Found Spk. Treads. 01551_ Found 47 Matter. 01552_ Acquired 19 matter. 01554_ Searching scrap... 01554_ Found Riot Gun. 01554_ Found 44 Matter. 01555_ Subatomizers dissect the Sub. Laser. 01557_ Acquired Spk. Treads. 01567_ Subatomizers dissect the Riot Gun. 01571_ Dropped Sml. Laser. 01572_ Acquired Riot Gun. 01573_ Dropped Assault Rifle. 01575_ U5-LYY(R) angrily emerges from the Twisted Machinery. 01575_ Critical hit (Destroy). 01575_ Lgt. Treads destroyed. 01579_ Subatomizers dissect the Riot Gun. 01582_ Lgt. Treads destroyed. 01586_ Ion Engine destroyed. Map ----- +----------------------------------------------------+ | | | | | | | | | | | | | | | | | | | | | | | | | | | | | ?????????????????????????????????????????????????? | | ?????????????????????????????????????????????????? | | ?????????????????????????????????????????????????? | | ?????????????????????????????????????????????????? | | ?????????????????????????????????????????????????? | | ?????????????????????????????????????????????????? | | ?????????????????????????????????????????????????? | | ?????????????????????????????????????????????????? | | ?????????????????????????????????????????????????? | | ????????????????????????#######??????????????????? | | ????????????????????????#